 Dungeon Crawl Stone Soup version 0.30.2 (webtiles) character file.

Game seed: 16120647412523790807

239 porpoise the Chopper (level 6, -1/56 HPs)
             Began as a Hill Orc Fighter on Mar 3, 2024.
             Slain by a gnoll
             ... wielding a +2 halberd of venom
              (8 damage)
             ... on level 3 of the Dungeon.
             The game lasted 00:04:29 (1713 turns).

porpoise the Chopper (Hill Orc Fighter)             Turns: 1713, Time: 00:04:31

Health: -1/56      AC:  9    Str: 21    XL:     6   Next: 7%
Magic:  6/6        EV:  9    Int:  8    God:
Gold:   152        SH:  9    Dex: 10    Spells: 5/5 levels left

rFire   . . .        a - +0 war axe
rCold   . . .        c - +0 buckler
rNeg    . . .        b - +0 scale mail
rPois   .            (no helmet)
rElec   .            r - +1 cloak
rCorr   +            (no gloves)
SInv    .            (no boots)
Will    .....        p - amulet of reflection Stlth
                     e - ring of resist corrosion
HPRegen 0.29/turn    (no ring)
MPRegen 0.10/turn

%: reflection
@: lethally poisoned (-1 -> -14)
A: no striking features
a: no special abilities


You were on level 3 of the Dungeon.
You visited 1 branch of the dungeon, and saw 3 of its levels.

You collected 152 gold pieces.

Inventory:

Hand Weapons
 a - a +0 war axe (weapon)
Missiles
 d - 3 javelins
 h - 2 silver boomerangs (quivered)
 u - 5 poisoned darts
Armour
 b - a +0 scale mail (worn)
 c - a +0 buckler (worn)
 r - a +1 cloak (worn)
Jewellery
 e - a ring of resist corrosion (left hand)
 p - an amulet of reflection (around neck)
Scrolls
 i - a scroll of magic mapping {unknown}
 j - a scroll of enchant weapon {unknown}
 l - a scroll of enchant armour {unknown}
 m - a scroll of teleportation {unknown}
 t - a scroll of identify {unknown}
Potions
 f - a potion of attraction {unknown}
 g - 3 potions of lignification {unknown}
 k - a potion of berserk rage {unknown}
 n - a potion of cancellation {unknown}
 o - a potion of brilliance {unknown}
 q - 2 potions of mutation {unknown}
 s - a potion of curing {unknown}


   Skills:
 + Level 5.0 Fighting
 * Level 5.9 Axes
 - Level 3.4 Armour
 + Level 4.6 Shields


You had 5 spell levels left.
You didn't know any spells.
Your spell library contained the following spells:

 Spells                   Type           Power      Damage    Failure   Level
 Sandblast                Erth           0%         2d4       82%         1
 Passwall                 Tmut/Erth      0%         N/A       91%         2
 Stone Arrow              Conj/Erth      0%         3d7       99%         3


Dungeon Overview and Level Annotations

Branches:
Dungeon (3/15)

Altars:
Yredelemnul


Message History

The ball python constricts you.
You completely miss the ball python.
The ball python bites you but does no damage.
The ball python constricts you. You block the ball python's attack.
The ball python constricts you.
You hit the ball python.
You kill the ball python!
HP restored.
There is an escape hatch in the floor here. 2 gnolls come into view.
A gnoll is wielding a +2 halberd of venom.
The gnoll shouts! x2; You hear a shout! x2
A gnoll comes into view. It is wielding a +0 flail.
You hit the gnoll.
The gnoll is moderately wounded.
You block the gnoll's attack.
The gnoll hits you from afar with a +2 halberd of venom!
You are poisoned.
The gnoll hits you with a +0 whip.
You closely miss the gnoll.
The gnoll is moderately wounded.
You feel very sick. The gnoll hits you with a +0 whip.
You slash the gnoll!
You kill the gnoll!
You feel very sick.
Your Fighting skill increases to level 5!
You slash the gnoll!
The gnoll is almost dead.
You feel sick. You block the gnoll's attack.
The gnoll hits you from afar with a +2 halberd of venom!
You are more poisoned.
You barely miss the gnoll.
The gnoll is almost dead.
* * * LOW HITPOINT WARNING * * *
You feel very sick. You block the gnoll's attack.
The gnoll hits you with a +0 flail!
* * * LOW HITPOINT WARNING * * *
The gnoll hits you from afar with a +2 halberd of venom!
You die...

#g##### #.g.g.#
### #g# ..# #@#
#.# #.# #.# #.#
#.# #.# #.# #.#
.#######.###.##
..............#
...........#.##
########.#.###


You could see 2 gnolls.

Vanquished Creatures
  Sigmund (D:2)
  A gnoll (D:3)
  3 adders (D:2)
  A dart slug (D:2)
  3 bats (D:1)
  3 endoplasms
  A giant cockroach (D:1)
  5 goblins
  4 hobgoblins
  4 jackals (D:1)
  5 kobolds
  A quokka (D:2)
  5 ball pythons
  2 frilled lizards
  6 rats
45 creatures vanquished.

Notes
Turn   | Place    | Note
-------+----------+-------------------------------------------
     0 | D:1      | porpoise the Hill Orc Fighter began the quest for the Orb.
     0 | D:1      | Reached XP level 1. HP: 19/19 MP: 1/1
   131 | D:1      | Reached XP level 2. HP: 21/27 MP: 2/2
   291 | D:1      | Found a faded altar of an unknown god.
   889 | D:2      | Reached XP level 3. HP: 28/33 MP: 3/3
  1351 | D:2      | Noticed Sigmund
  1361 | D:2      | Killed Sigmund
  1362 | D:2      | Reached skill level 5 in Axes
  1362 | D:2      | Reached XP level 4. HP: 33/41 MP: 4/4
  1362 | D:2      | Reached XP level 5. HP: 38/47 MP: 5/5
  1409 | D:2      | Found a basalt altar of Yredelemnul.
  1460 | D:2      | Reached XP level 6. HP: 55/55 MP: 6/6
  1712 | D:3      | Reached skill level 5 in Fighting
  1713 | D:3      | Slain by a gnoll

Illustrated notes

Levels and vault maps discovered:
D:1:      dpeg_arrival_round_a, layout_basic, ebering_ecumenical_altar_mist
D:2:      layout_rooms, basic_altar, serial_bayou_pond_c, minivault_11,
          uniq_sigmund
D:3:      layout_loops_ring, tgw_sif, gammafunk_ghost_cemetery,
          chequers_arboretum

Skill      XL: |  1  2  3  4  5  6 |
---------------+-------------------+-----
Axes           | 3 5 |  5.9
Fighting       | 4 5 |  5.0
Shields        | 4 |  4.6
Armour         | |  3.4

Action                     |  1- 3 |  4- 6 || total
---------------------------+-------+-------++-------
  Melee: War axe           |    98 |    37 ||   135
  Throw: Boomerang         |     3 |       ||     3
    Use: Potion            |     1 |       ||     1
 Armour: Scale mail        |    47 |     7 ||    54
  Dodge: Dodged            |    48 |    12 ||    60
  Block: Buckler           |    25 |    12 ||    37
